 Dungeon Crawl Stone Soup version 0.27.1 (webtiles) character file.

Game seed: 4820453895165358410

124 GameOver the Conjurer (level 5, -5/42 HPs)
             Began as a Naga Hedge Wizard on Aug 29, 2021.
             Killed from afar by an orc (16 damage)
             ... with a bolt of acid
             ... on level 3 of the Dungeon.
             The game lasted 00:12:22 (1771 turns).

GameOver the Conjurer (Naga Hedge Wizard)           Turns: 1771, Time: 00:12:23

Health: -5/42      AC:  2    Str: 12    XL:     5   Next: 8%
Magic:  6/9        EV:  8    Int: 16    God:
Gold:   76         SH:  0    Dex: 12    Spells: 4/10 levels left

rFire    . . .     SeeInvis +   w - +1 mace (vorpal)
rCold    . . .     Faith    .   (no shield)
rNeg     . . .     Spirit   .   b - +0 robe
rPois    +         Reflect  .   c - +0 hat
rElec    .         Harm     .   (no cloak)
rCorr    .         Rampage  .   (no gloves)
Will     .....     Clarity  +   i - +0 barding
Stlth    ++........             (no amulet)
HPRegen  0.14/turn              (no ring)
MPRegen  0.11/turn              (no ring)

@: corroded, very slow
A: AC +1, large, see invisible, deformed body, poison resistance, slowness 2,
spit poison 1, naga tail 1, agile 1, clarity
a: Spit Poison


You were on level 3 of the Dungeon.
You visited 1 branch of the dungeon, and saw 3 of its levels.

You collected 76 gold pieces.

Inventory:

Hand Weapons
 q - a +0 hunting sling
 w - a +1 vorpal mace (weapon)
Missiles
 d - 35 stones
 g - 73 sling bullets
Armour
 b - a +0 robe (worn)
 c - a +0 hat (worn)
 i - a +0 barding (worn)
Scrolls
 e - a scroll of teleportation {unknown}
 f - a scroll of identify {unknown}
 k - a scroll of fear {unknown}
Potions
 a - a potion of degeneration {unknown}
 h - a potion of heal wounds
 j - a potion of invisibility {unknown}
 l - a potion of haste {unknown}
 m - 2 potions of might {unknown}


   Skills:
 - Level 1.5 Dodging
 - Level 3.0 Stealth
 - Level 3.0 Spellcasting
 * Level 4.7 Conjurations
 - Level 1.0 Summonings
 - Level 1.0 Translocations
 + Level 0.1 Poison Magic


You had 4 spell levels left.
You knew the following spells:

 Your Spells              Type           Power      Damage    Failure   Level
a - Magic Dart            Conj           68%        1d6       2%          1
b - Blink                 Tloc           N/A        N/A       19%         2
d - Mephitic Cloud        Conj/Pois/Air  7%         N/A       28%         3

Your spell library contained the following spells:

 Spells                   Type           Power      Damage    Failure   Level
 Call Imp                 Summ           5%         N/A       19%         2
 Conjure Flame            Conj/Fire      9%         6-21      22%         3
 Slow                     Hex            2%         N/A       28%         2


Dungeon Overview and Level Annotations

Branches:
Dungeon (3/15)

Altars:


Innate Abilities, Weirdness & Mutations

Your serpentine skin is tough. (AC +1)
You have supernaturally acute eyesight. (SInv)
Armour fits poorly on your strangely shaped body.
Your system is resistant to poisons. (rPois)
You cover ground very slowly.
You can spit poison.
You have a snake-like lower body.
You are agile. (Dex +2)
You possess an exceptional clarity of mind.


Message History

The orc is moderately wounded.
You have got your breath back.
You hear a shout!
You hear an angry hiss.
A ball python comes into view.
The orc zaps a wand.
The bolt of acid hits the orc!
The orc is splashed with acid.
The acid corrodes the orc!
The orc dies!
The bolt of acid hits you! The acid corrodes you!
You are splashed with acid!
* * * LOW HITPOINT WARNING * * *
A giant cockroach comes into view.
The orc zaps a wand.
The bolt of acid misses you.
You hear an angry hiss.
Unknown command.
Casting: Magic Dart (safe; 2% risk of failure)
Confirm with . or Enter, or press ? or * to list all spells.
The spell is quite dangerous to cast (28% risk of failure)!
Continue anyway?
Okay, then.
Unknown command.
Casting: Mephitic Cloud (quite dangerous; 28% risk of failure)
Confirm with . or Enter, or press ? or * to list all spells.
The spell is quite dangerous to cast (28% risk of failure)!
Continue anyway?
Aiming: Mephitic Cloud (quite dangerous; 28% risk of failure)
Press: ? - help, Shift-Dir - straight line The ball explodes into a vile cloud!
The stinking cloud engulfs the orc but does no damage.
Unknown command.
Unknown command.
Unknown command.
Unknown command.
Unknown command.
Unknown command.
Unknown command.
Unknown command.
Unknown command.
Unknown command.
Unknown command.
Unknown command.
There is an open door here.
The orc zaps a wand.
The bolt of acid hits you!
You die...

.# #.# ####.# #........
.....######### #.........
######.......# #.........#
.....#.......# #.........#
.....#.......#####.........#
.................'.....>...#
.....#.......#.###.........#
.....')......'..@'..........
.....#.......#.###.SB.......
######.......#.# #.<........
#.......#.# ##.o##.#...
######.......#.#####.## #
...............##....°#
#############.........#
........(# ................


You could see an orc, a giant cockroach and a ball python.

Vanquished Creatures
  An iguana (D:2)
  4 adders
  2 worms (D:2)
  5 orcs (D:3)
  An endoplasm (D:1)
  A giant cockroach (D:2)
  3 goblins
  5 hobgoblins
  7 jackals
  4 kobolds
  2 quokkas
  3 ball pythons
  5 bats
  2 frilled lizards (D:1)
  4 rats
49 creatures vanquished.

Vanquished Creatures (others)
  An orc (D:3)
1 creature vanquished.

Grand Total: 50 creatures vanquished

Notes
Turn   | Place    | Note
-------+----------+-------------------------------------------
     0 | D:1      | GameOver the Naga Hedge Wizard began the quest for the Orb.
     0 | D:1      | Reached XP level 1. HP: 15/15 MP: 4/4
   133 | D:1      | Reached skill level 2 in Conjurations
   133 | D:1      | Reached XP level 2. HP: 16/22 MP: 6/6
   164 | D:1      | HP: 1/22 [quokka (4)]
   165 | D:1      | Gained mutation: You possess an exceptional clarity of
                  | mind. [potion of mutation]
   165 | D:1      | Gained mutation: You are agile. (Dex +2) [potion of
                  | mutation]
   525 | D:2      | Reached skill level 3 in Conjurations
   525 | D:2      | Reached XP level 3. HP: 22/28 MP: 7/7
   533 | D:2      | Learned a level 2 spell: Blink
   537 | D:2      | Learned a level 3 spell: Mephitic Cloud
   672 | D:2      | Found a faded altar of an unknown god.
   916 | D:2      | Reached XP level 4. HP: 4/36 MP: 4/8
  1011 | D:2      | Reached skill level 4 in Conjurations
  1621 | D:3      | Reached XP level 5. HP: 42/42 MP: 5/9
  1771 | D:3      | Killed from afar by an orc

Illustrated notes

Levels and vault maps discovered:
D:1:      amcnicky_arrival_underground_garden, layout_rooms
D:2:      layout_basic, hellmonk_ecumenical_altar_crossroads
D:3:      layout_basic

Skill      XL: |  1  2  3  4 |
---------------+-------------+-----
Conjurations   | 2 3 4 |  4.7
Dodging        | |  1.5
Stealth        | |  3.0
Spellcasting   | |  3.0
Summonings     | |  1.0
Translocations | |  1.0
Poison Magic   | |  0.1

Action                   |  1- 3 |  4- 6 || total
-------------------------+-------+-------++-------
Melee: Dagger            |     2 |       ||     2
       Short sword       |     5 |     1 ||     6
       Mace              |       |     2 ||     2
 Fire: Hunting sling     |    20 |    17 ||    37
 Cast: Magic Dart        |    19 |    21 ||    40
       Mephitic Cloud    |     1 |     1 ||     2
 Abil: Spit Poison       |    28 |    14 ||    42
  Use: Potion            |     2 |       ||     2
 Stab: Confused          |     1 |       ||     1
Armor: Robe              |       |     9 ||     9
Dodge: Dodged            |    11 |     6 ||    17
